 Dungeon Crawl Stone Soup version 0.21.1-1-g345015fe64 (webtiles) character file.

333 GuyWithAPlan the Cudgeler (level 6, -9/44 HPs)
             Began as a Demonspawn Gladiator on Mar 22, 2018.
             Was a Follower of Uskayaw.
             Killed from afar by Ijyb (17 damage)
             ... with a wand of acid (6)
             ... on level 3 of the Dungeon.
             The game lasted 00:04:09 (3319 turns).

GuyWithAPlan the Cudgeler (Demonspawn Gladiator)    Turns: 3319, Time: 00:04:09

Health: -9/44      AC:  6    Str: 14    XL:     6   Next: 27%
Magic:  6/6        EV: 12    Int: 10    God:    Uskayaw [*.....]
Gold:   130        SH:  0    Dex: 16    Spells: 5/5 levels left

rFire    . . .     SeeInvis .   a - +0 flail
rCold    + . .     Gourm    .   (no shield)
rNeg     . . .     Faith    .   q - +2 ring mail {MR+}
rPois    .         Spirit   .   c - +0 helmet
rElec    .         Reflect  .   (no cloak)
rCorr    .         Harm     .   (no gloves)
MR       +....                  (no boots)
Stlth    +.........             (no amulet)
HPRegen  0.14/turn              (no ring)
MPRegen  0.10/turn              (no ring)

@: corroded
A: talons 1, molten scales 1, cold resistance 1, powered by death 1
a: Stomp, Renounce Religion


You were on level 3 of the Dungeon.
You worshipped Uskayaw.
Uskayaw was noncommittal.
You were not hungry.

You visited 1 branch of the dungeon, and saw 3 of its levels.

You collected 130 gold pieces.

Inventory:

Hand Weapons
 a - a +0 flail (weapon)
Missiles
 d - 4 throwing nets (quivered)
 r - 3 tomahawks
Armour
 b - a +0 leather armour
 c - a +0 helmet (worn)
 h - a +1 leather armour of fire resistance
 q - a +2 ring mail of magic resistance (worn)
Scrolls
 e - 5 scrolls of remove curse {unknown}
 g - 5 scrolls of teleportation {unknown}
 i - a scroll of enchant armour {unknown}
 l - 2 scrolls of identify {unknown}
 n - a scroll of immolation {unknown}
 p - a scroll of enchant weapon {unknown}
Potions
 j - 3 potions of curing {unknown}
 k - 2 potions of heal wounds {unknown}
 m - a potion of might {unknown}
 o - a potion of agility {unknown}
 t - a potion of degeneration {unknown}
Comestibles
 f - 5 rations


   Skills:
 - Level 2.0 Fighting
 + Level 6.5 Maces & Flails
 - Level 1.7 Throwing
 - Level 2.6 Dodging


You had 5 spell levels left.
You didn't know any spells.

Dungeon Overview and Level Annotations

Branches:
Dungeon (3/15)

Altars:
Cheibriados
Elyvilon
Fedhas
Kikubaaqudgha
Okawaru
Uskayaw
Wu Jian
Xom

Annotations:
D:3 Ijyb


Innate Abilities, Weirdness & Mutations

You have sharp toenails.
You are partially covered in molten scales. (AC +2)
Your flesh is cold resistant. (rC+)
You regenerate a little health from kills.


Message History

You are too injured to fight recklessly!
You are too injured to fight recklessly!
You are too injured to fight recklessly!
You are too injured to fight recklessly!
You are too injured to fight recklessly!
You are too injured to fight recklessly!
You are too injured to fight recklessly!
You are too injured to fight recklessly!
You are too injured to fight recklessly!
You are too injured to fight recklessly!
You are too injured to fight recklessly!
You are too injured to fight recklessly!
You are too injured to fight recklessly!
You are too injured to fight recklessly!
You are too injured to fight recklessly!
You are too injured to fight recklessly!
You are too injured to fight recklessly!
Okay, then.
Ijyb zaps a wand.
The bolt of acid hits you!
You die...

####†...........#
####.###
......###....#.##
#....#
#####.###.##.#.#
#.####
#...#.....####.#####.#
#.#.####..# ..#.....#
#.....##..# #.#.#####
##.##.##..# ..#.#
##.##.##.## ##.###.###
...##.##.. #@.g....#
#####.#### #####.#.#
#####.# ....#.###
###.#...# ......#.#
##.##.#.# #....†#+###
#.####....#


You could see Ijyb.

Vanquished Creatures
  An ice beast (D:3)
  An orc wizard (D:3)
  A worker ant (D:3)
  9 adders
  6 worms
  2 dart slugs
  3 leopard geckos
  4 orcs
  2 ball pythons (D:3)
  7 bats
  4 giant cockroaches
  6 goblins
  7 hobgoblins
  7 jackals
  5 kobolds
  4 quokkas
  4 frilled lizards
  9 rats
82 creatures vanquished.

Notes
Turn   | Place    | Note
-------+----------+-------------------------------------------
     0 | D:1      | GuyWithAPlan the Demonspawn Gladiator began the quest for the Orb.
     0 | D:1      | Reached XP level 1. HP: 16/16 MP: 1/1
    76 | D:1      | Reached skill level 3 in Maces & Flails
    85 | D:1      | Gained mutation: You are partially covered in molten scales. (AC +2) [demonic ancestry]
    85 | D:1      | Reached XP level 2. HP: 21/22 MP: 2/2
   635 | D:1      | Reached XP level 3. HP: 27/27 MP: 3/3
   967 | D:2      | Reached skill level 4 in Maces & Flails
  1027 | D:2      | Found a hide-covered altar of Uskayaw.
  1032 | D:2      | Became a worshipper of Uskayaw the Reveler
  1076 | D:2      | Reached * piety under Uskayaw
  1271 | D:2      | Reached ** piety under Uskayaw
  1278 | D:2      | Found a shimmering altar of Xom.
  1365 | D:2      | Gained mutation: You have sharp toenails. [demonic ancestry]
  1365 | D:2      | Reached XP level 4. HP: 21/33 MP: 4/4
  1850 | D:2      | Reached skill level 5 in Maces & Flails
  2350 | D:3      | Gained mutation: You regenerate a little health from kills. [demonic ancestry]
  2350 | D:3      | Reached XP level 5. HP: 31/38 MP: 5/5
  2616 | D:3      | Found a faded altar of an unknown god.
  2762 | D:3      | Noticed an ice beast
  3006 | D:3      | Killed an ice beast
  3006 | D:3      | Reached skill level 6 in Maces & Flails
  3006 | D:3      | Gained mutation: Your flesh is cold resistant. (rC+) [demonic ancestry]
  3006 | D:3      | Reached XP level 6. HP: 36/44 MP: 6/6
  3006 | D:3      | Reached *** piety under Uskayaw
  3213 | D:3      | Found an ornate altar of the Wu Jian Council.
  3220 | D:3      | Found a blossoming altar of Fedhas.
  3220 | D:3      | Found an iron altar of Okawaru.
  3220 | D:3      | Found an ancient bone altar of Kikubaaqudgha.
  3222 | D:3      | Found a snail-covered altar of Cheibriados.
  3224 | D:3      | Found a white marble altar of Elyvilon.
  3316 | D:3      | Noticed Ijyb
  3319 | D:3      | Killed from afar by Ijyb

Skill      XL: |  1  2  3  4  5 |
---------------+----------------+-----
Maces & Flails | 3 4 5 6 |  6.5
Fighting       | |  2.0
Throwing       | |  1.7
Dodging        | |  2.6

Action                   |  1- 3 |  4- 6 || total
-------------------------+-------+-------++-------
Melee: Flail             |   123 |   137 ||   260
       Kick              |       |    42 ||    42
 Stab: Sleeping          |     1 |       ||     1
  Eat: Chunk             |     1 |     7 ||     8
Armor: Leather armour    |    57 |    11 ||    68
       Ring mail         |       |    45 ||    45
Dodge: Dodged            |   100 |    92 ||   192
